 Dungeon Sprint DCSS version 0.19-a0-996-g3cba913 (webtiles) character file.

5849 Musica the Eclecticist (level 10, 0/50 HPs)
             Began as a Deep Elf Fire Elementalist on July 18, 2016.
             Was a High Priest of Vehumet.
             Slain by a demonic crawler (4 damage)
             ... in the Dungeon (Sprint I: "Red Sonja").
             The game lasted 00:12:27 (1864 turns).

Musica the Eclecticist (Deep Elf Fire Elementalist) Turns: 1864, Time: 00:12:27

Health: 0/50       AC:  5    Str:  5    XL:     10   Next: 51%
Magic:  29/30      EV: 12    Int: 22    God:    Vehumet [*****.]
Gold:   800        SH:  0    Dex: 12    Spells: 10 memorised, 18 levels left

rFire  . . .     SeeInvis .     m - +4 blowgun
rCold  . . .     Gourm    .     a - +0 robe
rNeg   . . .     Faith    .     (no shield)
rPois  .         Spirit   .     (helmet restricted)
rElec  .         Dismiss  .     (no cloak)
rCorr  .         Reflect  .     (no gloves)
SustAt .         Harm     .     (no boots)
MR     +....     NoTele   +     (no amulet)
Stlth  ++........               (no ring)
                                (no ring)

@: somewhat resistant to hostile enchantments, unstealthy
A: horns 1, rough black scales 1, blurry vision 2, clumsy 1, deformed body,
dopey 1, low mp 1, screaming 1, subdued magic 1, MP-powered wands
a: Renounce Religion


You were in the Dungeon.
You worshipped Vehumet.
Vehumet was extremely pleased with you.
You were not hungry.

You visited 1 branch You collected 844 gold pieces.
You spent 44 gold pieces at shops.

Inventory:

Hand Weapons
 k - a +0 quarterstaff
 m - a +4 blowgun (weapon)
 n - a +0 short sword of distortion
Missiles
 l - 7 curare-tipped needles (quivered)
Armour
 a - a +0 robe (worn)
Jewellery
 o - an uncursed ring of ice
Scrolls
 i - a scroll of blinking
 j - 2 scrolls of identify
 q - a scroll of fog
Potions
 d - 3 potions of curing
 e - a potion of heal wounds
 f - 2 potions of haste
 h - a potion of berserk rage
Books
 b - a book of Flames

   Spells                             Type                      Level
   a - Flame Tongue                   Conjuration/Fire             1
   b - Throw Flame                    Conjuration/Fire             2
   c - Conjure Flame                  Conjuration/Fire             3
   d - Inner Flame                    Hexes/Fire                   3
   e - Sticky Flame                   Conjuration/Fire             4
   f - Fireball                       Conjuration/Fire             5
Comestibles
 c - 2 royal jellies


   Skills:
 - Level 2.4 Dodging
 - Level 2.4 Stealth
 * Level 17.6 Spellcasting
 + Level 13.3 Conjurations
 + Level 17.4 Fire Magic


You had 18 spell levels left.
You knew the following spells:

 Your Spells              Type           Power        Failure   Level  Hunger
a - Flame Tongue          Conj/Fire      #####        0%          1    None
b - Throw Flame           Conj/Fire      ######       0%          2    None
c - Conjure Flame         Conj/Fire      ######..     0%          3    None
d - Sticky Flame          Conj/Fire      ######..     1%          4    None
e - Fireball              Conj/Fire      ######....   1%          5    #......
f - Inner Flame           Hex/Fire       #####...     1%          3    None
g - Shock                 Conj/Air       ####         1%          1    None
h - Sandblast             Erth           ##....       1%          1    None
i - Throw Frost           Conj/Ice       #####.       1%          2    None
j - Throw Icicle          Conj/Ice       #####...     1%          4    None


Dungeon Overview and Level Annotations

Branches:
Dungeon (1/1)

Altars:
Cheibriados
Dithmenos
Elyvilon
Fedhas
Gozag
Hepliaklqana
Kikubaaqudgha
Makhleb
Nemelex Xobeh
Okawaru
Pakellas
Qazlal
Ru
Sif Muna
Trog
Uskayaw
Vehumet
Xom
Yredelemnul
Zin
The Shining One
Jiyva

Shops:
D (([[(%[


Innate Abilities, Weirdness & Mutations

You have a pair of small horns on your head.
You are partially covered in rough black scales. (AC +4, Dex -1)
Scrolls take you longer to read.
You are clumsy. (Dex -2)
Armour fits poorly on your strangely shaped body.
You are dopey. (Int -2)
Your magical capacity is low. (-10% MP)
You occasionally shout uncontrollably at your foes.
Your spells are a little easier to cast, but a little less powerful.
You expend magic power (3 MP) to strengthen your wands.


Message History

The demonic crawler is lightly wounded.
The demonic crawler hits you! The demonic crawler hits you.
The demonic crawler completely misses you.
The demonic crawler hits you but does no damage. x2
The demonic crawler hits you.
* * * LOW HITPOINT WARNING * * *
There is an open door here.
There is an open door here.
The demonic crawler closely misses you.
The demonic crawler completely misses you.
The demonic crawler closely misses you.
There is a deep blue altar of Sif Muna here.
There is an open door here.
Really read with blurry vision while enemies are nearby? [Y]es or [N]o only, please.
Really read with blurry vision while enemies are nearby?
The demonic crawler closely misses you. The demonic crawler hits you!
* * * LOW HITPOINT WARNING * * *
The demonic crawler hits you.
You die...

#<.#..').#..'..#__#..'.).#
#..)..#..').#..'..(s.#)..##+#
#..#####'#####'#__####...'..#
#..####..#...#s#### #####..+
#..#__####..##s# ##
#..#_____##'#..+
#⌠⌠#_.∩...'...s#
####_._._##_.#s##+###
#_____###'#@#..[(###
############.####'###.##
#∩........'...'.....'(∩#
###''''####...##########
#.......####.###
#........#.#'#.#
#..#.....#.....#
#........#.....#
#.....#..#######


You could see 4 demonic crawlers.

Vanquished Creatures
  Sonja (D)
  A deep troll (D)
  8 shining eyes (D)
  2 kobold demonologists (D)
  A slime creature (D)
  Sigmund (D)
  A yak (D)
  5 giant eyeballs (D)
  An ogre (D)
  A jelly (D)
  Ijyb (D)
  4 ballistomycetes (D)
  A giant spore (D)
28 creatures vanquished.

Vanquished Creatures (others)
  A giant spore (D)
1 creature vanquished.

Grand Total: 29 creatures vanquished

Notes
Turn   | Place    | Note
-------+----------+-------------------------------------------
     0 | D        | Musica the Deep Elf Fire Elementalist began the quest for the Orb.
     0 | D        | Reached XP level 1. HP: 10/10 MP: 6/6
     2 | D        | Noticed Ijyb
    16 | D        | Killed Ijyb
    16 | D        | Reached skill level 5 in Fire Magic
    16 | D        | Reached XP level 2. HP: 6/15 MP: 0/9
   291 | D        | Noticed an ogre
   294 | D        | Killed an ogre
   294 | D        | Reached XP level 3. HP: 19/19 MP: 7/13
   294 | D        | Reached XP level 4. HP: 24/24 MP: 7/14
   298 | D        | Learned a level 2 spell: Throw Flame
   302 | D        | Learned a level 3 spell: Conjure Flame
   307 | D        | Learned a level 4 spell: Sticky Flame
   345 | D        | Noticed Sigmund
   352 | D        | Killed Sigmund
   352 | D        | Reached skill level 10 in Fire Magic
   352 | D        | Reached XP level 5. HP: 9/28 MP: 9/18
   567 | D        | Learned a level 5 spell: Fireball
   583 | D        | Found a deep blue altar of Sif Muna.
   585 | D        | Reached XP level 6. HP: 32/32 MP: 11/19
   587 | D        | Found a radiant altar of Vehumet.
   620 | D        | Found Meoff's Antique Armour Emporium.
   620 | D        | Found a white marble altar of Elyvilon.
   620 | D        | Found a stormy altar of Qazlal.
   620 | D        | Found a burning altar of Makhleb.
   620 | D        | Found a sacrificial altar of Ru.
   620 | D        | Found a hazy altar of Hepliaklqana.
   620 | D        | Found an oddly glowing altar of Pakellas.
   620 | D        | Found a hide-covered altar of Uskayaw.
   620 | D        | Found a basalt altar of Yredelemnul.
   620 | D        | Found a glowing golden altar of the Shining One.
   620 | D        | Found a sparkling altar of Nemelex Xobeh.
   620 | D        | Found a shimmering altar of Xom.
   620 | D        | Found an opulent altar of Gozag.
   620 | D        | Found an ancient bone altar of Kikubaaqudgha.
   620 | D        | Found a glowing silver altar of Zin.
   620 | D        | Noticed a yak
   625 | D        | Killed a yak
   625 | D        | Reached skill level 10 in Spellcasting
   686 | D        | Found an iron altar of Okawaru.
   697 | D        | Found a bloodstained altar of Trog.
   707 | D        | Became a worshipper of Vehumet
   710 | D        | Noticed Sonja
   712 | D        | Killed Sonja
   712 | D        | Reached XP level 7. HP: 29/36 MP: 11/24
   738 | D        | Found Ymurch's Antique Weapon Boutique.
   838 | D        | Noticed a deep troll
   842 | D        | Killed a deep troll
   842 | D        | Reached XP level 8. HP: 41/41 MP: 6/27
   847 | D        | Learned a level 3 spell: Inner Flame
  1042 | D        | Found Ruzxuff's Armour Emporium.
  1295 | D        | Found a snail-covered altar of Cheibriados.
  1295 | D        | Found a viscous altar of Jiyva.
  1295 | D        | Found a shadowy altar of Dithmenos.
  1295 | D        | Found a blossoming altar of Fedhas.
  1295 | D        | Noticed a slime creature
  1303 | D        | Killed a slime creature
  1303 | D        | Reached * piety under Vehumet
  1303 | D        | Offered knowledge of Shock by Vehumet.
  1303 | D        | Reached skill level 15 in Fire Magic
  1306 | D        | Learned a level 1 spell: Shock
  1387 | D        | Noticed a kobold demonologist
  1389 | D        | Killed a kobold demonologist
  1389 | D        | Reached XP level 9. HP: 45/45 MP: 18/29
  1390 | D        | Noticed a kobold demonologist
  1391 | D        | Killed a kobold demonologist
  1391 | D        | Offered knowledge of Sandblast by Vehumet.
  1391 | D        | Reached ** piety under Vehumet
  1391 | D        | Reached skill level 10 in Conjurations
  1394 | D        | Learned a level 1 spell: Sandblast
  1507 | D        | Noticed a shining eye
  1507 | D        | Noticed a shining eye
  1507 | D        | Noticed a shining eye
  1507 | D        | Gained mutation: You have a pair of small horns on your head. [a shining eye]
  1515 | D        | Offered knowledge of Throw Frost by Vehumet.
  1518 | D        | Noticed a shining eye
  1519 | D        | Killed a shining eye
  1519 | D        | Reached *** piety under Vehumet
  1519 | D        | Reached skill level 15 in Spellcasting
  1520 | D        | Noticed a shining eye
  1523 | D        | Learned a level 2 spell: Throw Frost
  1523 | D        | Gained mutation: You expend magic power (3 MP) to strengthen your wands. [a shining eye]
  1524 | D        | Gained mutation: Your magical capacity is low. (-10% MP) [a shining eye]
  1525 | D        | Killed a shining eye
  1525 | D        | Gained mutation: Scrolls take you a little longer to read. [a shining eye]
  1527 | D        | Noticed a shining eye
  1527 | D        | Gained mutation: You are clumsy. (Dex -2) [a shining eye]
  1532 | D        | Gained mutation: Scrolls take you longer to read. [a shining eye]
  1534 | D        | Killed a shining eye
  1534 | D        | Offered knowledge of Ignite Poison by Vehumet.
  1538 | D        | Gained mutation: Your spells are a little easier to cast, but a little less powerful. [a shining eye]
  1539 | D        | Gained mutation: Scrolls take you much longer to read. [a shining eye]
  1540 | D        | Gained mutation: Armour fits poorly on your strangely shaped body. [a shining eye]
  1542 | D        | Lost mutation: Scrolls take you much longer to read. [a shining eye]
  1544 | D        | Killed a shining eye
  1544 | D        | Reached **** piety under Vehumet
  1544 | D        | Reached XP level 10. HP: 50/50 MP: 16/29
  1544 | D        | Gained mutation: You are partially covered in rough black scales. (AC +4, Dex -1) [a shining eye]
  1550 | D        | Killed a shining eye
  1555 | D        | Killed a shining eye
  1562 | D        | Paralysed by a giant eyeball for 2 turns
  1572 | D        | Noticed a shining eye
  1572 | D        | Noticed a shining eye
  1756 | D        | Gained mutation: You are dopey. (Int -2) [a shining eye]
  1760 | D        | Killed a shining eye
  1760 | D        | Offered knowledge of Throw Icicle by Vehumet.
  1762 | D        | Gained mutation: You occasionally shout uncontrollably at your foes. [a shining eye]
  1766 | D        | Killed a shining eye
  1766 | D        | Reached ***** piety under Vehumet
  1774 | D        | Found Nuocisodgh's Antique Weapon Shoppe.
  1774 | D        | Found Xoloka's Weapon Shop.
  1774 | D        | Found Xinaar's Armour Emporium.
  1774 | D        | Found Sefetuiw's Food Boutique.
  1789 | D        | Bought a royal jelly for 22 gold pieces
  1789 | D        | Bought a royal jelly for 22 gold pieces
  1798 | D        | Learned a level 4 spell: Throw Icicle
  1864 | D        | Slain by a demonic crawler

Vault maps used:
D:        dungeon_sprint_1

Skill      XL: |  1  2  3  4  5  6  7  8  9 10 |
---------------+-------------------------------+-----
Spellcasting   | 4 6 8 12 13 14 16 17 | 17.6
Conjurations   | 2 4 6 8 9 12 13 | 13.3
Fire Magic     | 5 8 10 13 14 15 16 17 | 17.4
Dodging        | |  2.4
Stealth        | |  2.4

Action                   |  1- 3 |  4- 6 |  7- 9 | 10-12 || total
-------------------------+-------+-------+-------+-------++-------
Melee: Short sword       |       |       |    17 |       ||    17
 Fire: Blowgun           |       |       |       |     1 ||     1
 Cast: Flame Tongue      |    14 |     7 |    21 |    13 ||    55
       Sticky Flame      |       |     1 |     2 |     3 ||     6
       Fireball          |       |     2 |    15 |     3 ||    20
       Conjure Flame     |       |     1 |     1 |       ||     2
       Throw Flame       |       |     1 |       |     5 ||     6
       Throw Frost       |       |       |       |     1 ||     1
  Use: Potion            |     2 |       |     1 |       ||     3
       Scroll            |       |       |     1 |       ||     1
  Eat: Beef jerky        |       |       |     1 |       ||     1
       Chunk             |       |       |     1 |       ||     1
       Bread ration      |       |       |     1 |       ||     1
Armor: Robe              |     2 |       |       |     5 ||     7
Dodge: Dodged            |     5 |     1 |       |    10 ||    16
